cohdb
Replays
Latest Replays
All Replays
Popular Replays
Top Player Replays
Match Explorer
How It Works
Community
CoH3 Stats
Reddit
Sign in to upload your games and track your stats! →
Sign in with Steam
Match 20066635
Unlisted
Match 20066635
Overview
Messages
Build Orders
End
Kradschützen Motorcycle Team
250 Light Carrier
Panzergrenadier Squad
Construct Light Support Kompanie
Selects Armored Support Battlegroup
Selects Superior Fire Drills
Assault Grenadier Squad
Fire Support Elements
le.IG 18 Support Gun Team
Assault Mechanized Group
Construct Mechanized Kompanie
Support Armor Elements
Panzerjäger Squad
StuG III D Assault Gun
Selects Flammpanzer III Medium Tank Sd.Kfz. 141
Vehicle Survival Package
Flammpanzer III Medium Tank
Emergency Repair Kits
Selects Command Panzer IV F Medium Tank
Command Panzer IV F Medium Tank
Selects Salvage Kits
Selects Panzer Storm
Construct Panzerarmee Kommand
MonoChrome
SickOFCauger
juliogomes1973
12 Angry Grunts
0
0
Comments
sign in to comment!
No comments posted yet!